 Dungeon Crawl Stone Soup version 0.27.1 (webtiles) character file.

Game seed: 16011527809442456894

182 AIAndy the Magician (level 5, -15/35 HPs)
             Began as a Djinni Air Elementalist on Aug 27, 2021.
             Was an Initiate of Gozag.
             Demolished by an ogre (30 damage)
             ... on level 4 of the Dungeon.
             The game lasted 00:13:05 (3298 turns).

AIAndy the Magician (Djinni Air Elementalist)       Turns: 3298, Time: 00:13:06

Health: -15/35     AC:  2    Str:  7    XL:     5   Next: 93%
Gold:   450        EV: 12    Int: 17    God:    Gozag SH:  0 Dex: 14

rFire    + + .     SeeInvis +   m - +2 short sword (holy)
rCold    x . .     Faith    .   (no shield)
rNeg     . . .     Spirit   .   a - +0 robe
rPois    ∞         Reflect  .   (no helmet)
rElec    .         Harm     .   (no cloak)
rCorr    .         Rampage  .   (no gloves)
Will     .....                  (boots unavailable)
Stlth    ++........             (no amulet)
HPRegen  0.11/turn              v - ring of see invisible
MPRegen  0.00/turn              (no ring)

@: flying
A: sickness immunity, fire resistance 2, cold vulnerability 1, float, innate
caster, hp casting, extra vitality 1
a: Renounce Religion, Potion Petition, Call Merchant, Bribe Branch


You were on level 4 of the Dungeon.
You worshipped Gozag.
Gozag was aware of your devotion.
You visited 1 branch of the dungeon, and saw 4 of its levels.

You collected 450 gold pieces.


Innate Abilities, Weirdness & Mutations

You are immune to sickness and miasma.
You are immune to poison.
Your flesh is very heat resistant. (rF++)
You are vulnerable to cold. (rC-)
You float through the air rather than walking.
You learn spells naturally, not from books.
Your magical power is your life essence.
You have superior vitality. (+4 HP)


   Skills:
 - Level 2.1 Dodging
 - Level 1.5 Stealth
 + Level 4.7 Spellcasting


You couldn't memorise any spells.
You knew the following spells:

 Your Spells              Type           Power      Damage    Failure   Level
a - Airstrike             Air            10%        N/A       21%         4
e - Ensorcelled Hibernat  Hex/Ice        40%        N/A       3%          2
i - Swiftness             Air            20%        N/A       6%          3
m - Magic Dart            Conj           80%        1d7       1%          1
t - Static Discharge      Conj/Air       20%        N/A       3%          2
z - Shock                 Conj/Air       80%        1d8       1%          1
Your spell library was empty.

Inventory:

Hand Weapons
 c - a +0 trident
 m - a +2 short sword of holy wrath (weapon)
Armour
 a - a +0 robe (worn)
Jewellery
 v - a ring of see invisible (left hand)
Scrolls
 b - a scroll of identify {unknown}
 d - a scroll of magic mapping {unknown}
 g - a scroll of holy word {unknown}
 h - a scroll of fear {unknown}
 i - a scroll of noise {unknown}
 n - a scroll of brand weapon {unknown}
 o - 2 scrolls of amnesia {unknown}
Potions
 e - a potion of attraction {unknown}
 f - a potion of berserk rage {unknown}
 j - a potion of might {unknown}
 k - a potion of heal wounds {unknown}
 l - 4 potions of curing {unknown}

Dungeon Overview and Level Annotations

Branches:
Dungeon (4/15)
 Temple: D:4-7

Altars:
Gozag

Shops:
D:1

[ #.........#
##.........#
####..........#
##.............#
#..###.........#
#########.##
#.........# ..
##..)......#
#.........# ..
...#########
###.....### #.#
.### ##@......##
#..# .# #.O.......#
###...# ##
#g........###...#
######
#.............#.#
####....#
#.........#.....#
......###
###.........####..#
#######
#.......>..## #..#
##.#>........
###..## ###
###$.#.........
#.....#


You could see an ogre and a gnoll.


Message History

Confirm with . or Enter, or press ? or * to list all spells.
Aiming: Ensorcelled Hibernation (safe; 3% risk of failure)
Press: ? - help, Shift-Dir - straight line, f/p - ogre
Aim: an ogre, wielding a +0 giant club (heavily wounded, chance to affect: 50%)
The ogre resists with some effort.
Casting: Ensorcelled Hibernation (safe; 3% risk of failure)
Confirm with . or Enter, or press ? or * to list all spells.
Aiming: Ensorcelled Hibernation (safe; 3% risk of failure)
Press: ? - help, Shift-Dir - straight line, f/p - ogre
Aim: an ogre, wielding a +0 giant club (heavily wounded, chance to affect: 50%)
The ogre resists with some effort.
Casting: Ensorcelled Hibernation (safe; 3% risk of failure)
Confirm with . or Enter, or press ? or * to list all spells.
Aiming: Ensorcelled Hibernation (safe; 3% risk of failure)
Press: ? - help, Shift-Dir - straight line, f/p - ogre
Aim: an ogre, wielding a +0 giant club (heavily wounded, chance to affect: 50%)
The ogre resists with some effort.
The gnoll hits you from afar with a +0 spear.
* * * LOW HITPOINT WARNING * * *
Casting: Ensorcelled Hibernation (safe; 3% risk of failure)
Confirm with . or Enter, or press ? or * to list all spells.
Aiming: Ensorcelled Hibernation (safe; 3% risk of failure)
Press: ? - help, Shift-Dir - straight line, f/p - ogre
Aim: an ogre, wielding a +0 giant club (heavily wounded, chance to affect: 50%)
The ogre resists with some effort.
* * * LOW HITPOINT WARNING * * *
The ogre hits you with a +0 giant club!!
Ouch! That really hurt!
You die...
Your body crumbles into a pile of gold.

Skill      XL: |  1  2  3  4 |
---------------+-------------+-----
Spellcasting   | 3 4 |  4.7
Dodging        | |  2.1
Stealth        | |  1.5

Action                   |  1- 3 |  4- 6 || total
-------------------------+-------+-------++-------
Melee: Short sword       |       |     8 ||     8
 Cast: Shock             |    66 |    61 ||   127
       Ensorcelled Hiber |       |     8 ||     8
Armor: Robe              |     1 |     3 ||     4
Dodge: Dodged            |     2 |    20 ||    22

Levels and vault maps discovered:
D:1:      matt_arrival_diagonals, layout_basic, serial_shops,
          nicolae_shop_trees, ebering_ecumenical_altar_abandoned,
          minmay_misc_feat_plants
D:2:      layout_rooms
D:3:      layout_loops_corners, minmay_circle_x
D:4:      layout_rooms, temple_statues, uniq_robin

Notes
Turn   | Place    | Note
-------+----------+-------------------------------------------
     0 | D:1      | AIAndy the Djinni Air Elementalist began the quest for the
                  | Orb.
     0 | D:1      | Reached XP level 1. HP: 15/15 MP: 0/0
   269 | D:1      | Reached XP level 2. HP: 16/21 MP: 0/0
   464 | D:1      | Reached skill level 3 in Spellcasting
   547 | D:1      | Found a faded altar of an unknown god.
   569 | D:1      | Became a worshipper of Gozag Ym Sagoz the Greedy
   688 | D:1      | Found Gago's Antique Armour Emporium.
   719 | D:1      | Reached XP level 3. HP: 23/25 MP: 0/0
   719 | D:1      | Learned a level 1 spell: Magic Dart
  1612 | D:2      | Reached XP level 4. HP: 29/31 MP: 0/0
  2125 | D:3      | Reached skill level 4 in Spellcasting
  2914 | D:4      | Reached XP level 5. HP: 30/35 MP: 0/0
  2914 | D:4      | Learned a level 2 spell: Ensorcelled Hibernation
  3137 | D:4      | Noticed an ogre
  3298 | D:4      | Demolished by an ogre

Vanquished Creatures
  2 centaur skeletons (D:4)
  An orc wizard (D:3)
  A hound skeleton (D:4)
  2 gnolls (D:4)
  An adder (D:2)
  A worm (D:2)
  2 dart slugs
  2 orcs (D:3)
  3 endoplasms
  3 giant cockroaches (D:1)
  3 goblins
  2 hobgoblins
  4 jackals (D:2)
  2 kobolds
  3 quokkas
  10 ball pythons
  8 bats
  A frilled lizard (D:2)
  6 rats
57 creatures vanquished.

Table legend: (Time is in decaauts)
 A = Elapsed time spent in this place.
 B = Non-inter-level travel time spent in this place.
 C = Inter-level travel time spent in this place.
 D = Time resting spent in this place.
 E = Time spent auto-exploring this place.
 F = Levels seen in this place.
 G = Mean time per level.
                   A        B        C        D        E       F      G
               +--------+--------+--------+--------+--------+-----+--------+
         Total |   3296 |   3207 |     89 |      0 |   2824 |   4 |  824.0 |
       Dungeon |   3296 |   3207 |     89 |      0 |   2824 |   4 |  824.0 |
               +--------+--------+--------+--------+--------+-----+--------+

Top non-repeatable levels by time:
     D:1: 1113 daAuts
     D:3: 1097 daAuts
     D:2: 667 daAuts
     D:4: 417 daAuts

Table legend:
 A = Non-vault XP
 B = Vault XP
 C = Vault XP percentage of total XP
 D = Non-vault monster count
 E = Vault monster count
 F = Vault count percentage of total count
                 A         B        C        D         E       F
            +---------+---------+-------+---------+---------+-------
      Total |     254 |       7 |   2.7 |      52 |       5 |   8.8
            +---------+---------+-------+---------+---------+-------
        D:1 |      35 |       0 |   0.0 |      20 |       0 |   0.0
        D:2 |      36 |       0 |   0.0 |      13 |       0 |   0.0
        D:3 |      50 |       7 |  12.3 |       8 |       5 |  38.5
        D:4 |     133 |       0 |   0.0 |      11 |       0 |   0.0
            +---------+---------+-------+---------+---------+-------
